 Dungeon Crawl Stone Soup version 0.30-a0-939-gc8157cb160 (webtiles) character file.

Game seed: 14806557832241623210

485 voltaire321 the Slasher (level 7, 0/53 HPs)
             Began as a Merfolk Gladiator on Mar 26, 2023.
             Slain by Pikel
             ... wielding a +2 whip of freezing
              (3 damage)
             ... on level 3 of the Dungeon.
             The game lasted 00:11:06 (3573 turns).

voltaire321 the Slasher (Merfolk Gladiator)         Turns: 3573, Time: 00:11:07

Health: 0/53       AC:  7    Str: 14    XL:     7   Next: 13%
Magic:  6/6        EV: 13    Int:  7    God:
Gold:   202        SH:  0    Dex: 18    Spells: 6/6 levels left

rFire   + + .      SeeInvis +    a - +0 long sword
rCold   + . .      Faith    .    (no shield)
rNeg    . . .      Spirit   .    x - +1 ring mail {rF+}
rPois   +          Reflect  .    c - +0 helmet
rElec   +          Rampage  .    (no cloak)
rCorr   +                        (no gloves)
Will    .....                    (no boots)
Stlth   +                        o - amulet of the acrobat
HPRegen 0.28/turn                (no ring)
MPRegen 0.10/turn                (no ring)

@: resistant
A: (nimble swimmer 2), mertail, see invisible, low MP 1
a: no special abilities


You were on level 3 of the Dungeon.
You visited 1 branch of the dungeon, and saw 4 of its levels.

You collected 202 gold pieces.

Inventory:

Hand Weapons
 a - a +0 long sword (weapon)
Missiles
 d - 2 throwing nets
 e - a javelin
 q - 4 atropa-tipped darts (quivered)
Armour
 c - a +0 helmet (worn)
 x - a +1 ring mail of fire resistance (worn)
Jewellery
 h - a ring of fire
 o - an amulet of the acrobat (around neck)
Scrolls
 f - 3 scrolls of identify {unknown}
 i - 3 scrolls of silence {unknown}
 k - 2 scrolls of teleportation {unknown}
 m - a scroll of enchant armour {unknown}
 n - a scroll of brand weapon {unknown}
 p - a scroll of fog {unknown}
 s - a scroll of immolation {unknown}
 t - a scroll of poison {unknown}
 w - a scroll of noise {unknown}
Potions
 b - a potion of ambrosia {unknown}


   Skills:
 + Level 3.8 Fighting
 * Level 6.2 Long Blades
 + Level 3.4 Throwing
 + Level 1.8 Armour
 + Level 5.7 Dodging


You had 6 spell levels left.
You didn't know any spells.
Your spell library contained the following spells:

 Spells                   Type           Power      Damage    Failure   Level
 Apportation              Tloc           0%         N/A       67%         1
 Necrotise                Necr           0%         1d4       67%         1
 Summon Small Mammal      Summ           0%         N/A       67%         1
 Cigotuvi's Dreadful Rot  Necr/Pois/Air  0%         N/A       80%         2
 Lesser Beckoning         Tloc           0%         N/A       80%         2
 Poisonous Vapours        Pois/Air       0%         N/A       80%         2
 Gell's Gravitas          Tloc           0%         N/A       95%         3
 Mephitic Cloud           Conj/Pois/Air  0%         N/A       95%         3
 Teleport Other           Tloc           0%         N/A       95%         3


Dungeon Overview and Level Annotations

Branches:
Dungeon (4/15)
 Temple: D:4-7

Altars:
Yredelemnul

Shops:
D:3 (

Annotations:
D:3 Pikel


Innate Abilities, Weirdness & Mutations

((You are very nimble when in or above water. (Stealth+, EV+, Speed+++)))
Your lower body shifts to a powerful aquatic tail in water.
You have supernaturally acute eyesight. (SInv)
Your magical capacity is low. (-10% MP)


Message History

* * * LOW HITPOINT WARNING * * *
You feel less confused.
Pikel zaps a wand.
Your will is overpowered!
You are confused.
You climb upwards.
There is a stone staircase leading down here.
You bump into the rock wall.
Pikel hits you with a +2 whip of freezing.
* * * LOW HITPOINT WARNING * * *
You hit Pikel.
Pikel is lightly wounded.
Pikel hits you with a +2 whip of freezing.
* * * LOW HITPOINT WARNING * * *
It was a potion of mutation.
You feel extremely strange.
You feel less energetic.
Your vision sharpens.
Pikel hits you with a +2 whip of freezing.
* * * LOW HITPOINT WARNING * * *
You are too confused!
You bump into the rock wall.
Pikel hits you with a +2 whip of freezing.
* * * LOW HITPOINT WARNING * * *
You hit Pikel but do no damage.
Pikel is lightly wounded.
You feel less confused. Pikel misses you.
Pikel hits you with a +2 whip of freezing.
* * * LOW HITPOINT WARNING * * *
Pikel freezes you.
* * * LOW HITPOINT WARNING * * *
You hit Pikel but do no damage.
Pikel is lightly wounded.
Pikel says, "I knew I should've brought a map."
Pikel zaps a wand.
You resist with some effort.
You slash Pikel!
Pikel is moderately wounded.
Pikel closely misses you.
You hit Pikel.
Pikel is heavily wounded.
Pikel hits you with a +2 whip of freezing.
You die...

.#################
...).............##
###############...##############
#.............#..............#
#.###########...############.#
#.# ##.## #.# #.# #.# #.# #.#
#.#############.# #.#
#@#...........#.# #.#
#K#.#########.#.# ###.# #.#.#
#.....## ....# #.#.#######......#
##### ###.#............#..
#########..........##.......
######)[................##.....#.
......<####.##.#.#)###..####.#.#.
.####### #.##.#.#.# #..# #.#.#.


You could see Pikel.

Vanquished Creatures
  A black bear (D:2)
  A phantom (D:4)
  A lemure (D:3)
  An orc priest (D:4)
  A sleepcap (D:4)
  Natasha (thrice) (D:4)
  Terence (D:2)
  4 gnolls
  6 adders
  2 worms
  2 dart slugs
  5 orcs
  4 ball pythons
  9 bats
  3 endoplasms
  2 giant cockroaches
  6 goblins
  9 hobgoblins
  2 jackals (D:2)
  2 quokkas
  5 frilled lizards
  7 kobolds
  8 rats
  A spectral orc (D:3)
86 creatures vanquished.

Notes
Turn   | Place    | Note
-------+----------+-------------------------------------------
     0 | D:1      | voltaire321 the Merfolk Gladiator began the quest for the
                  | Orb.
     0 | D:1      | Reached XP level 1. HP: 16/16 MP: 1/1
   101 | D:1      | Reached XP level 2. HP: 22/23 MP: 2/2
   112 | D:1      | Found a faded altar of an unknown god.
   246 | D:1      | Reached skill level 4 in Long Blades
   774 | D:1      | Reached XP level 3. HP: 28/28 MP: 3/3
  1064 | D:2      | Noticed Terence
  1073 | D:2      | Killed Terence
  1227 | D:2      | Reached XP level 4. HP: 25/34 MP: 4/4
  1472 | D:2      | Noticed a black bear
  1560 | D:2      | Killed a black bear
  1561 | D:2      | Reached skill level 5 in Long Blades
  1561 | D:2      | Reached skill level 1 in Armour
  1561 | D:2      | Reached XP level 5. HP: 28/41 MP: 5/5
  1664 | D:2      | Reached skill level 5 in Dodging
  2100 | D:3      | Found Cyukiguc's Weapon Emporium.
  2202 | D:3      | Reached XP level 6. HP: 41/47 MP: 6/6
  2723 | D:3      | Found a basalt altar of Yredelemnul.
  3072 | D:4      | Noticed Natasha
  3084 | D:4      | Killed Natasha
  3156 | D:4      | Noticed Natasha
  3171 | D:4      | HP: 2/47 [shadow imp[Natasha] (1)]
  3178 | D:4      | Killed Natasha
  3296 | D:4      | Noticed Natasha
  3306 | D:4      | Killed Natasha
  3307 | D:4      | Reached skill level 6 in Long Blades
  3364 | D:4      | Noticed Pikel
  3530 | D:4      | Reached XP level 7. HP: 35/53 MP: 7/7
  3568 | D:3      | Gained mutation: Your magical capacity is low. (-10% MP)
                  | [potion of mutation]
  3568 | D:3      | Gained mutation: You have supernaturally acute eyesight.
                  | (SInv) [potion of mutation]
  3570 | D:3      | HP: 2/53 [Pikel/+2 whip of freezing (1)]
  3573 | D:3      | Slain by Pikel

Illustrated notes

Levels and vault maps discovered:
D:1:      dpeg_arrival_radiant, layout_loops_corners,
          chequers_ecumenical_altar_simple_redux
D:2:      layout_rooms, minmay_door_square,
          wander_ebering_terrifying_dragon_lair, uniq_terence
D:3:      layout_loops_ring, yredelemnul_forgotten_temple_becter, serial_shops,
          shop, kennysheep_minor_cross
D:4:      layout_basic, serial_shops, nicolae_shop_window_shopping,
          hangedman_decor_diamond_cutter, amethyst_killhole, uniq_natasha,
          uniq_pikel, uniq_crazy_yiuf_cottage

Skill      XL: |  1  2  3  4  5  6 |
---------------+-------------------+-----
Long Blades    | 4 5 6 |  6.2
Fighting       | 3 |  3.8
Armour         | 1 |  1.8
Dodging        | 5 |  5.7
Throwing       | 3 |  3.4

Action                     |  1- 3 |  4- 6 |  7- 9 || total
---------------------------+-------+-------+-------++-------
  Melee: Long sword        |    78 |   231 |    11 ||   320
         Punch             |       |     2 |       ||     2
  Throw: Dart              |       |    17 |     4 ||    21
         Throwing net      |       |     3 |       ||     3
    Use: Potion            |       |     3 |     3 ||     6
   Stab: Sleeping          |       |     1 |       ||     1
 Armour: Leather armour    |    27 |       |       ||    27
         Ring mail         |    12 |    74 |     3 ||    89
  Dodge: Dodged            |    81 |   236 |    13 ||   330

Table legend: (Time is in decaauts)
 A = Elapsed time spent in this place.
 B = Non-inter-level travel time spent in this place.
 C = Inter-level travel time spent in this place.
 D = Time resting spent in this place.
 E = Time spent auto-exploring this place.
 F = Levels seen in this place.
 G = Mean time per level.
                   A        B        C        D        E       F      G
               +--------+--------+--------+--------+--------+-----+--------+
         Total |   3618 |   3413 |    205 |    309 |   2013 |   4 |  904.5 |
       Dungeon |   3618 |   3413 |    205 |    309 |   2013 |   4 |  904.5 |
               +--------+--------+--------+--------+--------+-----+--------+

Top non-repeatable levels by time:
     D:2: 1080 daAuts
     D:1: 1053 daAuts
     D:3: 1030 daAuts
     D:4: 453 daAuts
